 Dungeon Crawl Stone Soup version 0.19.1-1-g22dce08 (webtiles) character file.

35 Mesmaeker13 the Poker (level 3, -2/27 HPs)
             Began as a Merfolk Skald on Dec 29, 2016.
             Slain by a gnoll
             ... wielding a +0 flail
              (9 damage)
             ... on level 1 of the Dungeon.
             The game lasted 00:02:10 (1040 turns).

Mesmaeker13 the Poker (Merfolk Skald)               Turns: 1040, Time: 00:02:11

Health: -2/27      AC:  3    Str: 12    XL:     3   Next: 33%
Magic:  4/6        EV: 12    Int: 12    God:
Gold:   49         SH:  0    Dex: 13    Spells: 2 memorised, 3 levels left

rFire  . . .     SeeInvis .     a - +0 spear
rCold  . . .     Gourm    .     b - +0 leather armour
rNeg   . . .     Faith    .     (no shield)
rPois  .         Spirit   .     (no helmet)
rElec  .         Reflect  .     (no cloak)
rCorr  .         Harm     .     (no gloves)
MR     .....                    (no boots)
Stlth  +.........               (no amulet)
                                (no ring)
                                (no ring)

@: infused
A: change form in water, swift swim, stealthy swim
a: no special abilities


You were on level 1 of the Dungeon.
You were not hungry.

You visited 1 branch of the dungeon, and saw 2 of its levels.

You collected 49 gold pieces.

Inventory:

Hand Weapons
 a - a +0 spear (weapon)
Armour
 b - a +0 leather armour (worn)
Scrolls
 e - a scroll of remove curse {unknown}
 h - a scroll of enchant weapon {unknown}
 k - a scroll of immolation {unknown}
 l - a scroll of noise {unknown}
 n - a scroll of magic mapping {unknown}
Potions
 f - a potion of berserk rage {unknown}
 i - 2 potions of agility {unknown}
 m - a potion of brilliance {unknown}
Books
 c - a book of Battle

   Spells                             Type                      Level
   a - Infusion                       Charms                       1
   b - Shroud of Golubria             Charms/Translocation         2
   c - Song of Slaying                Charms                       2
   d - Spectral Weapon                Hexes/Charms                 3
   e - Regeneration                   Charms/Necromancy            3
Comestibles
 d - a bread ration
 g - 2 meat rations
 j - a chunk of flesh


   Skills:
 - Level 2.1 Fighting
 + Level 4.0 Polearms
 - Level 0.6 Armour
 + Level 2.4 Dodging
 - Level 2.0 Spellcasting
 + Level 3.8 Charms


You had 3 spell levels left.
You knew the following spells:

 Your Spells              Type           Power        Failure   Level  Hunger
a - Infusion              Chrm           ##..         10%         1    ##.....
b - Song of Slaying       Chrm           ##......     14%         2    ###....


Dungeon Overview and Level Annotations

Branches:
Dungeon (2/15)

Altars:


Message History

There is a stone staircase leading up here.
Okay, then.
The gnoll hits you with a flail. The gnoll completely misses you.
You climb upwards.
There is a stone staircase leading down here.
Casting: Infusion
Confirm with . or Enter, or press ? or * to list all spells.
You begin infusing your attacks with magical energy.
The gnoll hits you with a flail!
Ouch! That really hurt!
* * * LOW HITPOINT WARNING * * *
You are too injured to fight recklessly!
You are too injured to fight recklessly!
You are too injured to fight recklessly!
You are too injured to fight recklessly!
You hit the gnoll.
The gnoll is lightly wounded.
The gnoll hits you with a flail!
You die...

#...............#
###.#########.###
....#####.# #.#
###....##.# #.#
#....##.# #)# #....##.#
#.# #..####.###.#
###..####...#.####
................@#
###..(......#.##g#####
###.###.###........# ##
#.###..........###
.####..##.#......##..#
.8##........(..##....#
..##....)....##...##.##
.8##..................#
.##รท.....).#.#..##....#


You could see a gnoll.

Vanquished Creatures
  A dart slug (D:1)
  A leopard gecko (D:1)
  A giant cockroach (D:1)
  2 goblins (D:1)
  3 hobgoblins (D:1)
  9 kobolds (D:1)
  A ball python (D:1)
  6 bats (D:1)
  A frilled lizard (D:1)
  8 rats (D:1)
33 creatures vanquished.

Notes
Turn   | Place    | Note
-------+----------+-------------------------------------------
     0 | D:1      | Mesmaeker13 the Merfolk Skald began the quest for the Orb.
     0 | D:1      | Reached XP level 1. HP: 16/16 MP: 3/3
   270 | D:1      | Reached XP level 2. HP: 18/22 MP: 5/5
   706 | D:1      | Reached XP level 3. HP: 22/27 MP: 3/6
   825 | D:1      | Reached skill level 4 in Polearms
  1026 | D:2      | Learned a level 2 spell: Song of Slaying
  1040 | D:1      | Slain by a gnoll

Skill      XL: |  1  2  3 |
---------------+----------+-----
Dodging        | 2 |  2.4
Polearms       | 4 |  4.0
Fighting       | |  2.1
Armour         | |  0.6
Spellcasting   | |  2.0
Charms         | |  3.8

Action                   || total
-------------------------++-------
Melee: Spear             ||   107
 Cast: Infusion          ||     5
 Stab: Sleeping          ||     2
  Eat: Chunk             ||     1
Armor: Leather armour    ||    17
Dodge: Dodged            ||    43
